 Dungeon Crawl Stone Soup version 0.26.1-11-gd32895ea62 (webtiles) character file.

Game seed: 8021153150866564439

127 Arcadio the Sneak (level 5, -22/34 HPs)
             Began as an Octopode Brigand on May 22, 2021.
             Annihilated by an ogre
             ... wielding a +0 giant club
              (27 damage)
             ... on level 2 of the Dungeon.
             The game lasted 00:01:27 (1367 turns).

Arcadio the Sneak (Octopode Brigand)                Turns: 1367, Time: 00:01:28

Health: -22/34     AC:  1    Str: 11    XL:     5   Next: 11%
Magic:  5/5        EV: 14    Int: 13    God:
Gold:   76         SH:  0    Dex: 14    Spells: 4/4 levels left

rFire    . . .     SeeInvis .   a - +2 dagger
rCold    . . .     Faith    .   (no shield)
rNeg     . . .     Spirit   .   (helmet restricted)
rPois    .         Reflect  .   (no amulet)
rElec    .         Harm     .   (no ring)
rCorr    .         Rampage  .   (no ring)
Will     .....                  (no ring)
Stlth    ++++......             (no ring)
HPRegen  0.11/turn              (no ring)
MPRegen  0.09/turn              (no ring)
                                (no ring)
                                (no ring)

@: no status effects
A: almost no armour, stealthy swim, amphibious, 8 rings, constrict 8, camouflage
1, gelatinous body 1
a: no special abilities


You were on level 2 of the Dungeon.
You visited 1 branch of the dungeon, and saw 2 of its levels.

You collected 76 gold pieces.

Inventory:

Hand Weapons
 a - a +2 dagger (weapon)
Missiles
 b - 8 poisoned darts (quivered)
 c - 2 curare-tipped darts
Scrolls
 d - a scroll of remove curse
 e - 2 scrolls of identify
 f - 2 scrolls of teleportation {unknown}
 g - a scroll of enchant weapon {unknown}
Potions
 h - a potion of invisibility {unknown}


   Skills:
 - Level 2.0 Fighting
 + Level 3.3 Short Blades
 - Level 2.0 Throwing
 + Level 2.7 Dodging
 + Level 6.6 Stealth


You had 4 spell levels left.
You didn't know any spells.
Your spell library was empty.

Dungeon Overview and Level Annotations

Branches:
Dungeon (2/15)

Altars:
Makhleb


Innate Abilities, Weirdness & Mutations

You cannot wear most types of armour.
You are very stealthy in the water. (Stealth+)
You are amphibious.
You can wear up to eight rings at the same time.
You can use your tentacles to constrict eight enemies at once.
Your skin changes colour to match your surroundings (Stealth+).
Your rubbery body absorbs attacks. (AC +1, EV +1)


Message History

The ogre misses you.
You hit the ogre.
The ogre is lightly wounded.
The ogre hits you with a +0 giant club!
* * * LOW HITPOINT WARNING * * *
You hit the ogre.
The ogre is lightly wounded.
You hit the ogre.
The ogre is moderately wounded.
The ogre closely misses you.
You hit the ogre. You squeeze the ogre, but do no damage.
The ogre is moderately wounded.
The ogre closely misses you.
You hit the ogre but do no damage.
The ogre is moderately wounded.
You hit the ogre.
The ogre is moderately wounded.
The ogre hits you with a +0 giant club!!
Ouch! That really hurt!
You die...

#.(....†..............#
#########.######.####.#
#.# #.# #.# ## #.# #.#
#.# #. #.# #.# #.# #.
#.# #.## #.# #. #.#
#..# #.###. #.# ##.#
#..... #@# #.# #.####
#O# #.###.#### #.#
#..##..... #)#
##.##.#### #.# #..#.#
#)# ##.#.# ........#
#...# #######.# ##..#
### #..#


You could see an ogre.

Vanquished Creatures
  A hound (D:2)
  4 gnolls (D:2)
  2 adders (D:2)
  2 dart slugs
  A leopard gecko (D:2)
  3 bats
  A giant cockroach (D:1)
  5 goblins
  4 hobgoblins
  2 jackals (D:1)
  6 kobolds (D:1)
  2 frilled lizards
  3 rats (D:1)
36 creatures vanquished.

Notes
Turn   | Place    | Note
-------+----------+-------------------------------------------
     0 | D:1      | Arcadio the Octopode Brigand began the quest for the Orb.
     0 | D:1      | Reached XP level 1. HP: 14/14 MP: 1/1
   197 | D:1      | Reached XP level 2. HP: 17/19 MP: 2/2
   887 | D:1      | Reached XP level 3. HP: 24/24 MP: 3/3
  1144 | D:2      | Reached skill level 6 in Stealth
  1220 | D:2      | Found a burning altar of Makhleb.
  1224 | D:2      | Reached XP level 4. HP: 29/29 MP: 4/4
  1343 | D:2      | Noticed an ogre
  1355 | D:2      | Reached XP level 5. HP: 21/34 MP: 5/5
  1367 | D:2      | Annihilated by an ogre

Illustrated notes

Levels and vault maps discovered:
D:1:      matt_arrival_refuge, layout_basic, nrook_mini_vaults
D:2:      layout_basic, makhleb_heckhound_becter

Skill      XL: |  1  2  3 |
---------------+----------+-----
Dodging        | 2 |  2.7
Stealth        | 6 |  6.6
Short Blades   | 3 |  3.3
Fighting       | |  2.0
Throwing       | |  2.0

Action                   |  1- 3 |  4- 6 || total
-------------------------+-------+-------++-------
Melee: Dagger            |    41 |    25 ||    66
       Constrict         |    10 |     4 ||    14
       Tentacles         |     5 |     3 ||     8
  Use: Scroll            |     1 |       ||     1
 Stab: Sleeping          |    16 |     1 ||    17
Armor: Skin              |     3 |       ||     3
Dodge: Dodged            |    18 |    14 ||    32
